 Dungeon Crawl Stone Soup version 0.22-a0-181-gb22368a (webtiles) character file.

9375 Azzok the Warrior (level 11, -19/81 HPs)
             Began as a Gargoyle Berserker on Feb 14, 2018.
             Was a High Priest of Trog.
             Demolished by a cyclops (25 damage)
             ... on level 11 of the Dungeon.
             The game lasted 00:20:45 (10180 turns).

Azzok the Warrior (Gargoyle Berserker)             Turns: 10180, Time: 00:20:45

Health: -19/81     AC: 18    Str: 28    XL:     11   Next: 45%
Magic:  11/11      EV: 10    Int:  8    God:    Trog [*****.]
Gold:   619        SH:  0    Dex:  9    Spells: 10/10 levels left

rFire    . . .     SeeInvis .   I - +7 quick blade
rCold    . . .     Gourm    .   (no shield)
rNeg     + . .     Faith    .   x - +3 scale mail {MR+}
rPois    ∞         Spirit   .   w - +0 hat
rElec    +         Reflect  .   v - +0 cloak
rCorr    .         Harm     .   (no gloves)
MR       +....                  (no boots)
Stlth    ..........             (no amulet)
HPRegen  0.23/turn              d - +4 ring of strength
MPRegen  0.12/turn              (no ring)

@: berserk cooldown, hasted and slowed
A: negative energy resistance 1, electricity resistance, unbreathing,
petrification resistance, rot immunity, AC +8
a: Berserk, Trog's Hand, Brothers in Arms, Burn Spellbooks, Renounce Religion


You were on level 11 of the Dungeon.
You worshipped Trog.
Trog was extremely pleased with you.
You were not hungry.

You visited 1 branch of the dungeon, and saw 11 of its levels.

You collected 619 gold pieces.

Inventory:

Hand Weapons
 A - a +0 scimitar
 C - a +0 shortbow of freezing
 G - the cursed +0 war axe "Ylaisoopp" {flame, Int+3}
   (You found it on level 10 of the Dungeon)

   It has been specially enchanted to burn those struck by it, causing extra
   injury to most foes and up to half again as much damage against particularly
   susceptible opponents.
   Big, fiery blades are also staple armaments of hydra-hunters.
   It affects your intelligence (+3).
   It has a curse placed upon it.
 I - a +7 quick blade (weapon)
 K - a +2 long sword of holy wrath
Missiles
 m - 206 arrows
Armour
 v - a +0 cloak (worn)
 w - a +0 hat (worn)
 x - a +3 scale mail of magic resistance (worn)
Jewellery
 d - a +4 ring of strength (left hand)
 H - an uncursed ring of positive energy {unknown}
Wands
 s - a wand of flame (34)
 B - a wand of polymorph (19)
 F - a wand of disintegration (13)
Scrolls
 a - a scroll of vulnerability {unknown}
 e - 4 scrolls of magic mapping {unknown}
 h - 4 scrolls of teleportation {unknown}
 i - 6 scrolls of remove curse {unknown}
 k - 2 scrolls of noise {unknown}
 l - 9 scrolls of identify
 n - 2 scrolls of amnesia {unknown}
 o - 2 scrolls of immolation {unknown}
 p - a scroll of enchant weapon {unknown}
 y - a scroll of fear {unknown}
 E - a scroll of holy word {unknown}
Potions
 b - a potion of might {unknown}
 f - 3 potions of brilliance {unknown}
 j - a potion of heal wounds {unknown}
 t - a potion of mutation {unknown}
 u - 4 potions of curing {unknown}
 z - 2 potions of lignification {unknown}
Books
 g - a book of Minor Magic

   Spells                             Type                      Level
   a - Magic Dart                     Conjuration                  1
   b - Blink                          Translocation                2
   c - Call Imp                       Summoning                    2
   d - Slow                           Hexes                        2
   e - Conjure Flame                  Conjuration/Fire             3
   f - Mephitic Cloud                 Conjuration/Poison/Air       3
   Trog disapproves of the use of such an item.
 r - a book of Cantrips

   Spells                             Type                      Level
   a - Confusing Touch                Hexes                        1
   b - Animate Skeleton               Necromancy                   1
   c - Summon Small Mammal            Summoning                    1
   d - Apportation                    Translocation                1
   Trog disapproves of the use of such an item.
 D - a book of Misfortune

   Spells                             Type                      Level
   a - Confusing Touch                Hexes                        1
   b - Confuse                        Hexes                        3
   c - Gell's Gravitas                Translocation                3
   d - Petrify                        Transmutation/Earth          4
   e - Metabolic Englaciation         Hexes/Ice                    5
   f - Yara's Violent Unravelling     Hexes/Transmutation          5
   Trog disapproves of the use of such an item.
Comestibles
 c - 22 rations
 J - 6 chunks of flesh


   Skills:
 - Level 15.0 Fighting
 - Level 2.6 Long Blades
 + Level 10.4 Bows
 - Level 2.1 Armour
 - Level 1.5 Dodging


You had 10 spell levels left.
You didn't know any spells.

Dungeon Overview and Level Annotations

Branches:
Dungeon (11/15)            Temple (0/1) D:5            Lair (0/6) D:9
    Orc: D:9-12

Altars:
Dithmenos
Elyvilon
Makhleb
Okawaru
Sif Muna
Vehumet
Xom

Annotations:
D:8 2 transporters


Innate Abilities, Weirdness & Mutations

You are resistant to torment.
Your stone body is resilient. (AC +8)
You are immune to poison.
You resist negative energy. (rN+)
You are resistant to electric shocks. (rElec)
You can survive without breathing.
You are immune to petrification.
You are immune to rotting.


Message History

A cyclops comes into view.
A cyclops is nearby!
The cyclops shouts!
The cyclops throws a large rock.
The large rock hits you!!
The cyclops throws a large rock.
The large rock hits you!
* * * LOW HITPOINT WARNING * * *
You see here a large rock.
The cyclops throws a large rock.
The large rock completely misses you.
You're still recovering from your berserk rage.
The cyclops barely misses you.
You puncture the cyclops!
The cyclops is lightly wounded.
The cyclops hits you!
* * * LOW HITPOINT WARNING * * *
You puncture the cyclops!
The cyclops is moderately wounded.
The cyclops misses you.
Okay, then.
You feel yourself speed up. The cyclops hits you!!
You die...

·· ♣ ▒'▒▒▒▒▒▒▒▒▒▒ ♣·
▒··········▒
▒▒·▒▒▒··········▒
···>···········▒
▒·············▒
▒·············▒
▒·············▒▒
▒···C@·(···(·('··▒
▒··$··········▒▒▒▒ ▒▒
▒····(········▒ ··▒
▒▒▒▒▒†▒▒▒▒▒▒▒▒▒
▒▒▒▒▒▒▒·▒▒▒ ▒(▒▒▒▒
··<·······▒ ▒····▒
··········▒▒▒▒▒▒▒▒▒'▒▒▒
··········▒▒··········▒
··········▒▒··········▒


You could see a cyclops.

Vanquished Creatures
  2 two-headed ogres
  Nergalle (D:11)
  A cyclops (D:11)
  A troll (D:10)
  5 hippogriffs
  4 hogs (D:7)
  A wraith (D:10)
  A human (D:7)
  A wyvern (D:10)
  6 hungry ghosts
  Grum (D:8)
  A water moccasin (D:11)
  Duvessa (D:4)
  A sky beast (D:8)
  An orc warrior (D:6)
  2 ice beasts
  A phantom (D:5)
  3 wolves (D:8)
  2 centaurs
  4 ogres
  A crocodile (D:10)
  3 big kobolds
  5 bullfrogs
  A wyvern zombie (D:10)
  Dowan (D:4)
  A scorpion (D:10)
  4 killer bees (D:8)
  4 electric eels (D:6)
  3 howler monkeys (D:7)
  4 crimson imps
  A bullfrog zombie (D:7)
  A centaur zombie (D:10)
  A quasit (D:9)
  A centaur skeleton (D:4)
  7 orc priests
  8 orc wizards
  2 hounds
  A gnoll shaman (D:5)
  2 bullfrog skeletons
  2 iguanas
  6 worker ants
  A killer bee zombie (D:7)
  A hound zombie (D:5)
  A hound skeleton (D:3)
  8 adders
  20 gnolls
  2 shadow imps
  An adder skeleton (D:4)
  An adder zombie (D:8)
  5 worms
  A dart slug (D:1)
  2 leopard geckos
  27 orcs
  A ball python (D:4)
  9 giant cockroaches
  39 goblins
  29 hobgoblins
  11 jackals
  5 quokkas
  11 bats
  7 frilled lizards
  15 kobolds
  6 rats
302 creatures vanquished.

Vanquished Creatures (others)
  5 dream sheep (D:4)
5 creatures vanquished.

Grand Total: 307 creatures vanquished

Notes
Turn   | Place    | Note
-------+----------+-------------------------------------------
     0 | D:1      | Azzok the Gargoyle Berserker began the quest for the Orb.
     0 | D:1      | Reached XP level 1. HP: 14/14 MP: 1/1
    76 | D:1      | Reached XP level 2. HP: 15/20 MP: 2/2
   174 | D:1      | Reached skill level 4 in Fighting
   422 | D:1      | Reached XP level 3. HP: 24/24 MP: 3/3
   871 | D:1      | Reached ** piety under Trog
  1167 | D:2      | Reached skill level 5 in Fighting
  1520 | D:2      | Reached XP level 4. HP: 19/31 MP: 4/4
  2017 | D:3      | Reached skill level 6 in Fighting
  2017 | D:3      | Reached XP level 5. HP: 3/36 MP: 5/5
  2546 | D:3      | Reached *** piety under Trog
  2812 | D:4      | Reached skill level 7 in Fighting
  2812 | D:4      | Reached XP level 6. HP: 44/44 MP: 6/6
  3043 | D:4      | Reached skill level 8 in Fighting
  3085 | D:4      | Reached XP level 7. HP: 25/50 MP: 7/7
  3394 | D:4      | Found a shimmering altar of Xom.
  3394 | D:4      | Noticed a dream sheep
  3394 | D:4      | Noticed a dream sheep
  3394 | D:4      | Noticed a dream sheep
  3394 | D:4      | Noticed a dream sheep
  3394 | D:4      | Noticed a dream sheep
  3400 | D:4      | Killed a dream sheep
  3400 | D:4      | Killed a dream sheep
  3400 | D:4      | Killed a dream sheep
  3400 | D:4      | Killed a dream sheep
  3400 | D:4      | Killed a dream sheep
  3534 | D:4      | Reached skill level 9 in Fighting
  3605 | D:4      | Found a radiant altar of Vehumet.
  3699 | D:4      | Noticed Duvessa
  3699 | D:4      | Noticed Dowan
  3710 | D:4      | Killed Duvessa
  3712 | D:4      | Killed Dowan
  3766 | D:5      | Entered Level 5 of the Dungeon
  3779 | D:5      | Reached skill level 10 in Fighting
  3884 | D:5      | Reached XP level 8. HP: 57/57 MP: 8/8
  3886 | D:5      | Found a staircase to the Ecumenical Temple.
  3904 | D:5      | Found a burning altar of Makhleb.
  4046 | D:5      | Reached **** piety under Trog
  4611 | D:6      | Reached skill level 11 in Fighting
  5361 | D:6      | Reached skill level 12 in Fighting
  5559 | D:6      | Reached XP level 9. HP: 65/65 MP: 9/9
  5563 | D:6      | Reached ***** piety under Trog
  5762 | D:6      | Received a gift from Trog
  6091 | D:7      | Reached skill level 13 in Fighting
  6186 | D:7      | Reached skill level 14 in Fighting
  6676 | D:7      | Reached XP level 10. HP: 72/76 MP: 10/10
  6741 | D:7      | Paralysed by fainting for 12 turns
  7007 | D:8      | Reached skill level 15 in Fighting
  7048 | D:8      | Noticed Grum
  7058 | D:8      | Reached skill level 1 in Bows
  7065 | D:8      | Killed Grum
  7179 | D:8      | Noticed a two-headed ogre
  7186 | D:8      | Killed a two-headed ogre
  7229 | D:8      | Reached skill level 5 in Bows
  7418 | D:8      | Found a transporter.
  7455 | D:8      | Paralysed by fainting for 7 turns
  7472 | D:8      | Received a gift from Trog
  7530 | D:8      | Found a transporter.
  7534 | D:8      | Found a deep blue altar of Sif Muna.
  8045 | D:9      | Found a staircase to the Lair.
  8231 | D:9      | Found a shadowy altar of Dithmenos.
  8232 | D:9      | Found an iron altar of Okawaru.
  8233 | D:9      | Found a white marble altar of Elyvilon.
  8252 | D:9      | Noticed a two-headed ogre
  8259 | D:9      | Killed a two-headed ogre
  8587 | D:10     | Entered Level 10 of the Dungeon
  8882 | D:10     | Reached XP level 11. HP: 81/81 MP: 11/11
  8896 | D:10     | Received a gift from Trog
  8989 | D:10     | Got a scorched war axe
  8995 | D:10     | Identified the cursed +0 war axe "Ylaisoopp" {flame, Int+3} (You found it on level 10 of the Dungeon)
 10024 | D:11     | Received a gift from Trog
 10033 | D:11     | Noticed Nergalle
 10042 | D:11     | Killed Nergalle
 10042 | D:11     | Reached skill level 10 in Bows
 10125 | D:11     | Noticed a cyclops
 10147 | D:11     | Killed a cyclops
 10173 | D:11     | Noticed a cyclops
 10180 | D:11     | Demolished by a cyclops

Vault maps used:
D:1:      lightli_arrival_statuegarden, minivault_11
D:4:      minmay_door_path, marbit_many_paths, kb_xom_exploding_sheep,
          uniq_duvessa
D:5:      minmay_temple_entry_enclosed_plants, basic_altar, first_ration
D:6:      minmay_goblin_kobold_castle, serial_bayou_lagoon_a, minivault_23
D:7:      hangedman_decor_push, grunt_livestock
D:8:      gammafunk_cloud_chamber, basic_altar, uniq_grum
D:9:      grunt_temple_overflow_open, lair_entry_dummy
D:11:     minivault_20, minmay_tree_intersection, lemuel_flame_loot_1,
          uniq_fannar, uniq_josephine, uniq_nergalle

Skill      XL: |  1  2  3  4  5  6  7  8  9 10 11 |
---------------+----------------------------------+-----
Fighting       | 4 5 6 7 8 10 12 14 15 | 15.0
Bows           | 8 10 | 10.4
Long Blades    | |  2.6
Armour         | |  2.1
Dodging        | |  1.5

Action                   |  1- 3 |  4- 6 |  7- 9 | 10-12 || total
-------------------------+-------+-------+-------+-------++-------
Melee: Falchion          |   113 |   125 |   213 |       ||   451
       Scimitar          |       |       |   310 |   417 ||   727
       Quick blade       |       |       |       |     2 ||     2
Invok: Berserk           |       |     4 |     5 |     9 ||    18
  Use: Scroll            |       |       |       |     1 ||     1
       Potion            |       |       |       |     1 ||     1
  Eat: Chunk             |     2 |     8 |    19 |    20 ||    49
       Ration            |       |       |       |     6 ||     6
Armor: Animal skin       |     9 |       |       |       ||     9
       Ring mail         |    46 |    64 |    20 |       ||   130
       Scale mail        |       |       |   342 |   346 ||   688
Dodge: Dodged            |    92 |    98 |   316 |   256 ||   762
       Rpst.: Falchion   |    31 |    31 |    36 |       ||    98
       Scimitar          |       |       |    51 |    75 ||   126

Table legend:
 A = Spawn XP
 B = Non-spawn XP
 C = Spawn XP percentage of total XP
 D = Spawn monster count
 E = Non-spawn monster count
 F = Spawn count percentage of total count
 G = Total turns spent on level
                    A         B        C        D         E        F      G
               +---------+---------+-------+---------+---------+-------+---------
         Total |       0 |   13394 |   0.0 |       0 |     302 |   0.0 | 10180
               +---------+---------+-------+---------+---------+-------+---------
           D:1 |       0 |      61 |   0.0 |       0 |      29 |   0.0 |  1122
           D:2 |       0 |      42 |   0.0 |       0 |      18 |   0.0 |   930
           D:3 |       0 |     166 |   0.0 |       0 |      28 |   0.0 |   716
           D:4 |       0 |     875 |   0.0 |       0 |      18 |   0.0 |   998
           D:5 |       0 |     351 |   0.0 |       0 |      14 |   0.0 |   673
           D:6 |       0 |    1255 |   0.0 |       0 |      88 |   0.0 |  1549
           D:7 |       0 |    2333 |   0.0 |       0 |      32 |   0.0 |   987
           D:8 |       0 |    2720 |   0.0 |       0 |      24 |   0.0 |  1032
           D:9 |       0 |    1049 |   0.0 |       0 |       4 |   0.0 |   580
          D:10 |       0 |    2359 |   0.0 |       0 |      33 |   0.0 |  1389
          D:11 |       0 |    2183 |   0.0 |       0 |      14 |   0.0 |   204
               +---------+---------+-------+---------+---------+-------+---------
